 Dungeon Crawl Stone Soup version 0.29-a0-106-g0a07039d5a (webtiles) character file.

Game seed: 11330331519045331261

28 kae the Ruffian (level 2, -2/23 HPs)
             Began as a Draconian Transmuter on Feb 16, 2022.
             Slain by Natasha (6 damage)
             ... on level 2 of the Dungeon.
             The game lasted 00:00:25 (1074 turns).

kae the Ruffian (Draconian Transmuter)              Turns: 1074, Time: 00:00:25

Health: -2/23      AC:  4    Str: 12    XL:     2   Next: 96%
Magic:  4/5        EV: 12    Int: 13    God:
Gold:   28         SH:  0    Dex: 11    Spells: 4/5 levels left

rFire   . . .      SeeInvis .     - Unarmed
rCold   . . .      Faith    .   (no shield)
rNeg    . . .      Spirit   .   (armour unavailable)
rPois   .          Reflect  .   (helmet currently unavailable)
rElec   .          Harm     .   (no cloak)
rCorr   .          Rampage  .   (no gloves)
Will    .....                   (boots currently unavailable)
Stlth   +.........              (no amulet)
HPRegen 0.07/turn               (no ring)
MPRegen 0.09/turn               (no ring)

@: appendages
A: horns 2, talons 2, AC +4, unfitting armour, cold-blooded
a: End Transformation


You were on level 2 of the Dungeon.
You had temporarily grown beastly horns and talons.
You visited 1 branch of the dungeon, and saw 2 of its levels.

You collected 28 gold pieces.

Inventory:

Scrolls
 b - a scroll of identify
Potions
 a - 2 potions of flight {unknown}
 c - a potion of heal wounds


   Skills:
 + Level 1.4 Fighting
 + Level 2.0 Dodging
 * Level 3.4 Unarmed Combat
 + Level 2.1 Spellcasting
 * Level 2.5 Transmutations


You had 4 spell levels left.
You knew the following spells:

 Your Spells              Type           Power      Damage    Failure   Level
a - Beastly Appendage     Tmut           14%        N/A       9%          1

Your spell library contained the following spells:

 Spells                   Type           Power      Damage    Failure   Level
 Wereblood                Tmut           7%         N/A       14%         2
 Animate Skeleton         Necr           2%         N/A       26%         1
 Pain                     Necr           4%         1d4       26%         1
 Spider Form              Tmut/Pois      4%         N/A       41%         3
 Vampiric Draining        Necr           1%         2d6       58%         3
 Ice Form                 Ice/Tmut       4%         N/A       83%         4


Dungeon Overview and Level Annotations

Branches:
Dungeon (2/15)

Altars:

Annotations:
D:2 Natasha


Innate Abilities, Weirdness & Mutations

You have temporarily grown beastly horns and talons.
Your plain brown scales are hard. (AC +4)
You cannot fit into any form of body armour.
You are cold-blooded and may be slowed by cold attacks.


Message History

You see here a +0 club.
A goblin comes into view. It is wielding a +0 dagger.
The goblin shouts!
The goblin unwields a +0 dagger.
The goblin wields a +0 hunting sling.
The goblin shoots a stone.
The stone misses you.
Natasha, Servant of Life and Death comes into view.
Found a runed leather armour.
The goblin shoots a stone.
The stone misses you.
Natasha hisses angrily.
You see here a +0 leather armour of fire resistance.
Natasha is nearby!
You hit Natasha but do no damage. Natasha claws you!
You barely miss Natasha.
Natasha mumbles some strange words.
There are monsters nearby!
Casting: Beastly Appendage (safe; 9% risk of failure)
Confirm with . or Enter, or press ? or * to list all spells.
You grow a pair of large bovine horns.
Your feet morph into talons.
Natasha misses you.
The goblin shoots a stone.
The stone hits you. Natasha casts a spell at you.
You resist with significant effort.
You are too injured to fight recklessly!
You are too injured to fight recklessly!
There are monsters nearby!
There are monsters nearby!
You are too injured to fight recklessly!
You are too injured to fight recklessly!
You are too injured to fight recklessly!
You are too injured to fight recklessly!
You are too injured to fight recklessly!
You are too injured to fight recklessly!
You closely miss Natasha. You headbutt Natasha.
Natasha is lightly wounded.
Natasha claws you.
You barely miss Natasha.
Your tail-slap misses Natasha.
Natasha is lightly wounded.
The goblin shoots a stone.
The stone hits you.
* * * LOW HITPOINT WARNING * * *
Natasha claws you.
You die...

####### ## ......# .g
#####.# .# #.#
#.########..# #.#
#...5h@..g.!#.#
#.###########........
#.).................#
#############.##.####
#.# # #.. #.## ...
#.#


You could see Natasha, a white imp (summoned) and a goblin.

Vanquished Creatures
  A dart slug (D:1)
  A bat (D:2)
  3 endoplasms (D:1)
  2 giant cockroaches (D:1)
  A goblin (D:1)
  3 hobgoblins (D:1)
  A kobold (D:2)
  A quokka (D:1)
  5 ball pythons (D:1)
  2 frilled lizards (D:1)
  3 rats (D:1)
23 creatures vanquished.

Notes
Turn   | Place    | Note
-------+----------+-------------------------------------------
     0 | D:1      | kae the Draconian Transmuter began the quest for the Orb.
     0 | D:1      | Reached XP level 1. HP: 16/16 MP: 3/3
    15 | D:1      | Found a faded altar of an unknown god.
    99 | D:1      | Reached XP level 2. HP: 20/23 MP: 3/5
  1067 | D:2      | Noticed Natasha
  1074 | D:2      | Slain by Natasha

Illustrated notes

Levels and vault maps discovered:
D:1:      ncdulo_lavacross, layout_rooms, serial_corexii_hall,
          corexii_hall_statues_u, corexii_hall_statues_s,
          corexii_hall_statues_l, corexii_hall_statues_l,
          chequers_hall_statues_wall_a, corexii_hall_statues_i,
          chequers_ecumenical_altar_island, eino_curves_01, st_stairs_1,
          hex_medium
D:2:      layout_loops_ring, basic_altar, minmay_puff, uniq_natasha

Skill      XL: |  1  2 |
---------------+-------+-----
Dodging        | 2 |  2.0
Fighting       | |  1.4
Unarmed Combat | |  3.4
Spellcasting   | |  2.1
Transmutations | |  2.5

Action                   || total
-------------------------++-------
Melee: Unarmed           ||    70
       Kick              ||     9
       Punch             ||     2
       Headbutt          ||     5
       Tailslap          ||     4
 Cast: Beastly Appendage ||    15
  Use: Scroll            ||     1
 Stab: Sleeping          ||     1
Armor: Skin              ||    19
Dodge: Dodged            ||    54

Table legend: (Time is in decaauts)
 A = Elapsed time spent in this place.
 B = Non-inter-level travel time spent in this place.
 C = Inter-level travel time spent in this place.
 D = Time resting spent in this place.
 E = Time spent auto-exploring this place.
 F = Levels seen in this place.
 G = Mean time per level.
                   A        B        C        D        E       F      G
               +--------+--------+--------+--------+--------+-----+--------+
         Total |   1072 |   1032 |     40 |      0 |    861 |   2 |  536.0 |
       Dungeon |   1072 |   1032 |     40 |      0 |    861 |   2 |  536.0 |
               +--------+--------+--------+--------+--------+-----+--------+

Top non-repeatable levels by time:
     D:1: 999 daAuts
     D:2: 72 daAuts
